 Dungeon Crawl Stone Soup version 0.27.1-2-g3b301248ec (webtiles) character file.

Game seed: 3255104336210252470

7772 raph the Reanimator (level 11, -16/93 HPs)
             Began as a Deep Dwarf Necromancer on Sept 22, 2021.
             Was a Priest of Makhleb.
             Demolished by Urug (26 damage)
             ... on level 1 of the Lair of Beasts.
             The game lasted 00:33:34 (15539 turns).

raph the Reanimator (Deep Dwarf Necromancer)       Turns: 15539, Time: 00:33:35

Health: -16/93     AC: 11    Str: 15    XL:     11   Next: 1%
Magic:  26/26 (17) EV: 16    Int: 19    God:    Makhleb [***...]
Gold:   498        SH:  0    Dex: 19    Spells: 6/20 levels left

rFire    . . .     SeeInvis .   b - +1 glaive
rCold    . . .     Faith    +   (shield currently unavailable)
rNeg     . . .     Spirit   .   C - +1 leather armour of Dust Devil {+Blink rPois rCorr Str+3}
rPois    +         Reflect  .   o - +0 helmet
rElec    .         Harm     .   f - +2 cloak
rCorr    +         Rampage  .   c - +2 pair of gloves
Will     +....                  (no boots)
Stlth    +++.......             y - amulet of faith
HPRegen  0.00/turn              k - ring of magical power
MPRegen  0.20/turn              n - +6 ring of dexterity

@: no status effects
A: damage resistance, heal wounds, sense surroundings 2, no regeneration
a: Heal Wounds, Renounce Religion, Evoke Blink, Minor Destruction, Lesser
Servant of Makhleb


You were on level 1 of the Lair of Beasts.
You worshipped Makhleb.
Makhleb was most pleased with you.
You visited 3 branches of the dungeon, and saw 12 of its levels.

You collected 498 gold pieces.

Inventory:

Hand Weapons
 a - a +0 spear of venom
 b - a +1 glaive (weapon)
 j - a +1 halberd of freezing
 u - a +3 dagger
 x - a +0 vampiric trident
 A - a +0 dagger
Armour
 c - a +2 pair of gloves (worn)
 f - a +2 cloak (worn)
 m - a +1 robe of willpower
 o - a +0 helmet (worn)
 s - a +0 robe
 C - the +1 leather armour of Dust Devil (worn) {+Blink rPois rCorr Str+3}
   (You found it on level 10 of the Dungeon)

   Str:       It affects your strength (+3).
   rPois:     It protects you from poison.
   +Blink:    It lets you blink.
   rCorr:     It protects you from acid and corrosion.
Jewellery
 k - a ring of magical power (left hand)
 n - a +6 ring of dexterity (right hand)
 q - a ring of positive energy
 y - an amulet of faith (around neck)
 z - a +4 ring of protection
 F - a +6 ring of dexterity
Wands
 g - a wand of iceblast (4)
 h - a wand of flame (17)
 l - a wand of mindburst (2)
 v - a wand of paralysis (1)
Scrolls
 B - 3 scrolls of identify
 D - a scroll of teleportation
 E - a scroll of magic mapping
Potions
 d - 4 potions of lignification
 e - 3 potions of curing
 i - 4 potions of flight
 p - a potion of attraction {unknown}
 r - 2 potions of mutation {unknown}
 t - 2 potions of invisibility {unknown}
 w - 2 potions of might
 G - a potion of haste {unknown}


   Skills:
 - Level 4.6 Fighting
 + Level 8.8 Polearms
 - Level 6.9 Dodging
 - Level 4.6 Stealth
 - Level 5.1 Spellcasting
 - Level 10.2 Necromancy
 - Level 5.5 Invocations


You had 6 spell levels left.
You knew the following spells:

 Your Spells              Type           Power      Damage    Failure   Level
a - Pain                  Necr           100%       1d9       1%          1
b - Animate Skeleton      Necr           86%        N/A       1%          1
c - Vampiric Draining     Necr           21%        2d9       1%          3
d - Animate Dead          Necr           21%        N/A       2%          4
e - Agony                 Necr           43%        N/A       6%          5

Your spell library contained the following spells:

 Spells                   Type           Power      Damage    Failure   Level
 Call Canine Familiar     Summ           4%         N/A       41%         3
 Dazzling Flash           Conj/Hex       8%         N/A       41%         3
 Gell's Gravitas          Tloc           2%         N/A       41%         3
 Lesser Beckoning         Tloc           2%         N/A       41%         3
 Portal Projectile        Hex/Tloc       8%         N/A       41%         3
 Teleport Other           Tloc           4%         N/A       41%         3
 Leda's Liquefaction      Hex/Erth       2%         N/A       83%         4
 Summon Ice Beast         Ice/Summ       4%         N/A       83%         4
 Summon Lightning Spire   Summ/Air       4%         N/A       83%         4
 Silence                  Hex/Air        2%         N/A       99%         5
 Summon Mana Viper        Hex/Summ       4%         N/A       99%         5
 Monstrous Menagerie      Summ           2%         N/A       100%        7
 Storm Form               Tmut/Air       2%         N/A       100%        7
 Maxwell's Capacitive Co  Air            2%         ∞         100%        8


Dungeon Overview and Level Annotations

Branches:
Dungeon (10/15)            Temple (1/1) D:5            Lair (1/6) D:10
    Orc: D:9-12

Altars:
Ashenzari
Cheibriados
Dithmenos
Elyvilon
Fedhas
Gozag
Hepliaklqana
Kikubaaqudgha
Makhleb
Nemelex Xobeh
Okawaru
Qazlal
Ru
Sif Muna
Trog
Uskayaw
Vehumet
Wu Jian
Xom
Yredelemnul
Zin
The Shining One

Shops:
D:10 (

Annotations:
D:3 Terence
D:5 2 transporters
D:8 3 runed translucent doors, Domino's ghost, novice MiBe
Lair:1 Urug


Innate Abilities, Weirdness & Mutations

You are resistant to damage.
You can heal yourself by infusing magical energy.
You passively map the area around you.
You do not regenerate.


Message History

You start resting.
Your yak zombie crumbles into dust!
Your hellwing disappears in a puff of smoke!
Your yak zombie crumbles into dust!
Magic restored.
There is an open door, spattered with blood here.
There is a staircase to the Lair here.
You climb downwards.
Welcome back to the Lair of Beasts!
There is a staircase back to the Dungeon, spattered with blood here.
Found 20 gold pieces.
Found a scale mail.
You now have 498 gold pieces (gained 20).
Found a stone staircase leading down.
Found a flail.
Found 11 gold pieces.
Urug the Orcish Ballista comes into view.
She is wielding a +4 glaive of protection.
Urug shouts!
Urug throws a javelin.
The javelin misses you.
A demon appears!
Urug misses your ynoxinul. What are your orders? t - Shout!
Orders for allies: a - Attack new target. r - Retreat! s - Stop attacking. g - Guard the area. f - Follow me.
Anything else - Cancel.
Gang up on whom?
Press: ? - help, Dir - move target, f - Urug
Aim: Urug, wielding a +4 glaive of protection, wearing a +0 ring mail and quivering javelins (ally target) Attack!
Your ynoxinul barely misses Urug.
Urug throws a javelin.
The javelin pierces through your ynoxinul.
The javelin barely misses you.
Your ynoxinul hits Urug but does no damage.
Urug hits you from afar with a +4 glaive of protection!!
Your ynoxinul barely misses Urug.
Urug throws a javelin.
The javelin pierces through your ynoxinul!
The javelin pierces through you!!
* * * LOW HITPOINT WARNING * * *
Your ynoxinul gestures.
Urug hits you with a +4 glaive of protection!!
You die...

, , * ,,, , ..# , .....,*
,...., ,..# , *,..#..,**
....# ,*#.P ## .....#* ,
....## #.###. , *,
......####......###.#...
*
#P....#P........#...#...
,................#.......
#..........#......####
*#o@5.##.P......# #
#.3........###.## #
#...^......###..###
#...5.......##.....
###.)..............
*#.....#..........
#...###........... ##$.#
##.......... #...#
.........#..


You could see Urug (ally target), a friendly ynoxinul (summoned) and 2 friendly
ufetubi.

Vanquished Creatures
  2 two-headed ogres (D:10)
  3 centaur zombies
  A hornet (D:7)
  A slime creature (D:10)
  A wyvern (D:9)
  4 yaks (D:10)
  2 steam dragons
  A basilisk (D:10)
  4 vampire mosquitoes (D:6)
  An acid dragon (D:10)
  A water moccasin (D:7)
  3 orc warriors
  A sky beast (D:7)
  2 necrophages
  A hornet zombie (D:7)
  An ogre (D:7)
  3 centaurs
  2 bullfrogs
  5 kobold brigands
  Blork the orc (D:5)
  4 gnoll sergeants
  A scorpion (D:5)
  A wyvern zombie (D:5)
  A water moccasin skeleton (D:5)
  4 killer bees
  2 howler monkeys
  2 orc priests (D:9)
  3 gnoll shamans
  3 jellies
  Crazy Yiuf (D:3)
  4 hounds (D:5)
  A bullfrog skeleton (D:5)
  4 iguanas
  Ijyb (D:3)
  14 orc wizards
  40 gnolls
  6 adders
  A white imp (D:6)
  An ufetubus (D:7)
  2 worms
  A dart slug (D:1)
  35 orcs
  4 ball pythons
  2 bats
  9 endoplasms
  4 giant cockroaches
  7 goblins
  2 hobgoblins
  6 jackals
  3 quokkas
  3 frilled lizards
  29 kobolds
  5 rats
246 creatures vanquished.

Vanquished Creatures (collateral kills)
  3 yaks (D:10)
  An orc wizard (D:10)
  2 gnolls (D:8)
  2 orcs
  An endoplasm (D:2)
  A goblin (D:1)
10 creatures vanquished.

Vanquished Creatures (others)
  A gnoll (D:6)
  4 fungi (D:3)
  15 plants (D:6)
20 creatures vanquished.

Grand Total: 276 creatures vanquished

Notes
Turn   | Place    | Note
-------+----------+-------------------------------------------
     0 | D:1      | raph the Deep Dwarf Necromancer began the quest for the
                  | Orb.
     0 | D:1      | Reached XP level 1. HP: 15/15 MP: 3/3
    65 | D:1      | Learned a level 1 spell: Animate Skeleton
   318 | D:1      | Reached XP level 2. HP: 22/22 MP: 1/4
  1486 | D:2      | Reached XP level 3. HP: 26/28 MP: 3/6
  1580 | D:1      | Learned a level 3 spell: Vampiric Draining
  1897 | D:2      | Found a faded altar of an unknown god.
  2427 | D:2      | Reached skill level 5 in Necromancy
  2743 | D:3      | Found a basalt altar of Yredelemnul.
  2751 | D:3      | Noticed Terence
  2868 | D:3      | Noticed Ijyb
  2873 | D:3      | Killed Ijyb
  2874 | D:3      | Reached XP level 4. HP: 22/36 MP: 1/7
  3941 | D:3      | Found a runed translucent door.
  3942 | D:3      | Noticed Crazy Yiuf
  3950 | D:3      | Killed Crazy Yiuf
  3951 | D:3      | Reached XP level 5. HP: 12/42 MP: 1/8
  4654 | D:4      | Reached skill level 6 in Necromancy
  4902 | D:4      | Reached XP level 6. HP: 39/49 MP: 2/10
  5581 | D:4      | You fall into a shaft and drop 1 floor!
  5581 | D:5      | Entered Level 5 of the Dungeon
  5593 | D:5      | Reached skill level 1 in Fighting
  5675 | D:4      | Found a shimmering altar of Xom.
  5778 | D:4      | Learned a level 4 spell: Animate Dead
  5896 | D:5      | Reached XP level 7. HP: 51/57 MP: 11/11
  5903 | D:5      | Noticed Blork the orc
  5911 | D:5      | Killed Blork the orc
  6101 | D:5      | Found a staircase to the Ecumenical Temple.
  6106 | Temple   | Entered the Ecumenical Temple
  6598 | D:5      | Reached skill level 7 in Necromancy
  6857 | D:5      | Noticed a vampire mosquito
  6859 | D:5      | Noticed a vampire mosquito
  6893 | D:5      | Noticed a vampire mosquito
  6895 | D:5      | Noticed a vampire mosquito
  6915 | D:6      | Killed a vampire mosquito
  6989 | D:6      | Found a burning altar of Makhleb.
  7009 | D:6      | Became a worshipper of Makhleb the Destroyer
  7023 | D:6      | Reached skill level 5 in Dodging
  7023 | D:6      | Reached XP level 8. HP: 32/68 MP: 13/13
  7118 | D:6      | Found a glowing golden altar of the Shining One.
  7235 | D:6      | Reached skill level 1 in Invocations
  7436 | D:6      | Reached skill level 8 in Necromancy
  7442 | D:6      | Learned a level 5 spell: Agony
  7700 | D:6      | Found a snail-covered altar of Cheibriados.
  8340 | D:6      | Reached skill level 9 in Necromancy
  8452 | D:6      | Gained mutation: You passively map the area around you.
                  | [Deep Dwarf growth]
  8452 | D:6      | Reached XP level 9. HP: 39/78 MP: 14/14
  8657 | D:5      | Reached * piety under Makhleb
  8860 | D:5      | Found a transporter.
  8864 | D:5      | Found a transporter.
  8936 | D:5      | Found a broken altar of Ashenzari.
  8936 | D:5      | Found an ancient bone altar of Kikubaaqudgha.
  9537 | D:7      | Reached skill level 1 in Polearms
  9582 | D:7      | Paralysed by a hornet for 3 turns
 10223 | D:7      | Found a blossoming altar of Fedhas.
 10361 | D:7      | Reached skill level 5 in Spellcasting
 10361 | D:7      | Reached skill level 5 in Invocations
 10595 | D:7      | Reached skill level 10 in Necromancy
 11153 | D:8      | Reached ** piety under Makhleb
 11472 | D:8      | Reached XP level 10. HP: 50/87 MP: 16/16
 11854 | D:8      | Found a runed translucent gate.
 11854 | D:8      | Found a runed translucent gate.
 11854 | D:8      | Found a runed translucent gate.
 11856 | D:8      | Noticed Domino's ghost (novice MiBe)
 12281 | D:8      | Found a hide-covered altar of Uskayaw.
 12750 | D:9      | Identified the +1 ring mail of Sif Muna's Whim {Str+2}
 13048 | D:9      | Reached *** piety under Makhleb
 13383 | D:9      | Reached skill level 5 in Polearms
 13945 | D:10     | Entered Level 10 of the Dungeon
 13949 | D:10     | Noticed a two-headed ogre
 13960 | D:10     | Killed a two-headed ogre
 14049 | D:10     | Identified the +1 leather armour of Dust Devil {+Blink
                  | rPois rCorr Str+3}
 14131 | D:10     | Found a staircase to the Lair.
 14398 | D:10     | Identified the +4 rapier of Attainder {vorpal, Fragile
                  | rPois rF+}
 15036 | D:10     | Found Resykk's Weapon Shop.
 15091 | D:10     | Noticed a two-headed ogre
 15101 | D:10     | Killed a two-headed ogre
 15215 | D:10     | Found a shimmering blue altar of Sif Muna.
 15318 | Lair:1   | Entered Level 1 of the Lair of Beasts
 15414 | D:10     | Reached XP level 11. HP: 59/93 MP: 15/17
 15531 | Lair:1   | Noticed Urug
 15539 | Lair:1   | Demolished by Urug

Illustrated notes

Levels and vault maps discovered:
D:1:      nzn_arrival_settlement, layout_basic
D:2:      layout_rooms, dilly_ecumenical_altar_fadedgnrine, glass_columns_b,
          roderic_roman_lattice, minmay_misc_feat_square
D:3:      layout_rooms, mainiacjoe_overflow_boulevard, uniq_terence, uniq_ijyb,
          uniq_crazy_yiuf_cottage
D:4:      layout_loops_ring, lemuel_doored_altar, palyth_stone_intersect
D:5:      gammafunk_wand_slinger, layout_loops_ring,
          gammafunk_temple_overflow_elements, minmay_temple_entry_butterflies,
          due_unseen_surprise, uniq_blork_the_orc
D:6:      layout_basic, old_standard_altar, mainiacjoe_overflow_catch_the_wave
D:7:      layout_loops_ring, lemuel_coloured_pillars_altar
D:8:      layout_basic, nicolae_uskayaw_dance_hall, gammafunk_ghost_necromancy,
          hangedman_decor_growths, st_stairs_10
D:9:      layout_stronghold
D:10:     minmay_skewed_foursquare, layout_gridville,
          nicolae_sif_muna_little_library, lair_entry_dummy, serial_shops, shop,
          minmay_misc_feat_alley
Temple:   hc_temple_tempest_star
Lair:1:   layout_misc_corridors, uniq_urug

Skill      XL: |  1  2  3  4  5  6  7  8  9 10 |
---------------+-------------------------------+-----
Spellcasting   | 2 3 4 5 |  5.1
Stealth        | 3 4 |  4.6
Necromancy     | 5 6 7 9 10 | 10.2
Dodging        | 3 4 5 6 |  6.9
Fighting       | 1 2 3 4 |  4.6
Invocations    | 3 5 |  5.5
Polearms       | 3 8 |  8.8

Action                   |  1- 3 |  4- 6 |  7- 9 | 10-12 || total
-------------------------+-------+-------+-------+-------++-------
Melee: Dagger            |    10 |     2 |       |       ||    12
       Glaive            |       |    40 |   221 |   173 ||   434
       Spear             |       |       |    24 |       ||    24
 Cast: Pain              |    67 |    55 |    37 |    13 ||   172
       Animate Skeleton  |     9 |     2 |     6 |     2 ||    19
       Vampiric Draining |     2 |    31 |    87 |    55 ||   175
       Animate Dead      |       |       |     4 |    10 ||    14
       Agony             |       |       |     1 |     4 ||     5
Invok: Lesser Servant of |       |       |       |     2 ||     2
 Abil: Heal Wounds       |       |       |     2 |       ||     2
       Evoke Blink       |       |       |       |     1 ||     1
Evoke: Wand              |       |       |    17 |       ||    17
  Use: Scroll            |     7 |     4 |     3 |     3 ||    17
       Potion            |       |       |     6 |       ||     6
 Stab: Sleeping          |     2 |     4 |     6 |     3 ||    15
       Distracted        |       |     1 |       |     1 ||     2
       Paralysed         |       |       |     8 |       ||     8
Armor: Robe              |     8 |    44 |   139 |    67 ||   258
       Skin              |       |       |    25 |       ||    25
       Leather armour    |       |       |       |    56 ||    56
Dodge: Dodged            |    15 |    55 |   389 |   279 ||   738
